 Dungeon Crawl Stone Soup version 0.29-a0-82-g837932c90e (webtiles) character file.

Game seed: 7734822558036425969

333 lordive the Grasshopper (level 6, -1/51 HPs)
             Began as a Draconian Warper on Feb 5, 2022.
             Killed by nerve-wracking pain
             ... invoked by an orc priest
              (8 damage)
             ... on level 4 of the Dungeon.
             The game lasted 00:06:35 (4775 turns).

lordive the Grasshopper (Draconian Warper)          Turns: 4775, Time: 00:06:35

Health: -1/51      AC:  7    Str: 13    XL:     6   Next: 27%
Magic:  9/9        EV: 12    Int: 16    God:
Gold:   189        SH:  0    Dex: 10    Spells: 7/9 levels left

rFire   . . .      SeeInvis .   a - +0 falchion
rCold   . . .      Faith    .   (no shield)
rNeg    . . .      Spirit   .   (armour unavailable)
rPois   .          Reflect  .   (helmet restricted)
rElec   .          Harm     .   (no cloak)
rCorr   .          Rampage  .   o - +0 pair of gloves
Will    .....                   (no boots)
Stlth   +.........              (no amulet)
HPRegen 0.97/turn               (no ring)
MPRegen 0.11/turn               (no ring)

@: no status effects
A: AC +6, unfitting armour, cold-blooded, mutation resistance 1, regeneration 1
a: no special abilities


You were on level 4 of the Dungeon.
You visited 1 branch of the dungeon, and saw 5 of its levels.

You collected 189 gold pieces.

Inventory:

Hand Weapons
 a - a +0 falchion (weapon)
Missiles
 c - 7 boomerangs of dispersal (quivered)
Armour
 o - a +0 pair of gloves (worn)
Jewellery
 f - a ring of ice
Wands
 h - a wand of charming (7)
Scrolls
 b - 2 scrolls of blinking
 d - a scroll of noise {unknown}
 e - a scroll of enchant armour {unknown}
 i - 4 scrolls of identify {unknown}
 j - a scroll of magic mapping {unknown}
 k - 2 scrolls of vulnerability {unknown}
 m - a scroll of teleportation {unknown}
 n - a scroll of amnesia {unknown}
 q - a scroll of enchant weapon {unknown}
 s - a scroll of immolation {unknown}
Potions
 g - a potion of haste
 l - a potion of mutation


   Skills:
 + Level 3.1 Fighting
 + Level 4.1 Long Blades
 - Level 0.8 Throwing
 + Level 3.4 Dodging
 + Level 0.9 Stealth
 + Level 2.3 Spellcasting
 * Level 4.2 Translocations


You had 7 spell levels left.
You knew the following spells:

 Your Spells              Type           Power      Damage    Failure   Level
a - Blink                 Tloc           30%        N/A       5%          2

Your spell library contained the following spells:

 Spells                   Type           Power      Damage    Failure   Level
 Gell's Gravitas          Tloc           15%        N/A       11%         3
 Lesser Beckoning         Tloc           15%        N/A       11%         3
 Teleport Other           Tloc           15%        N/A       11%         3
 Sting                    Tmut/Pois      4%         1d3       21%         1
 Poisonous Vapours        Pois/Air       2%         N/A       30%         2
 Manifold Assault         Tloc           15%        N/A       67%         5
 Olgreb's Toxic Radiance  Pois           1%         N/A       89%         4


Dungeon Overview and Level Annotations

Branches:
Dungeon (5/15)
 Temple: D:4-7

Altars:
Uskayaw
Yredelemnul


Innate Abilities, Weirdness & Mutations

Your plain brown scales are hard. (AC +6)
You cannot fit into any form of body armour.
You are cold-blooded and may be slowed by cold attacks.
You are somewhat resistant to further mutation.
Your natural rate of healing is unusually fast.


Message History

An adder and a hobgoblin come into view.
The orc hits you with a +0 war axe.
The adder moves out of view.
Things that are here:
a +0 club; an orc corpse You closely miss the orc.
The orc priest casts a cantrip, but nothing happens.
The orc hits you but does no damage.
You hit the orc.
The orc is moderately wounded.
The orc hits you with a +0 mace. The orc hits you with a +0 war axe.
You hit the orc.
You kill the orc!
The orc misses you. The orc hits you with a +0 war axe.
The orc priest closely misses you.
You closely miss the orc priest.
The ogre shouts!
You tail-slap the orc priest, but do no damage.
You hear a shout! x2
The orc closely misses you. The orc hits you with a +0 war axe.
You hit the orc priest.
The orc priest is heavily wounded.
The orc closely misses you.
The orc priest hits you with a +0 flail.
The orc hits you with a +0 war axe! The orc barely misses you.
You closely miss the orc priest.
The orc priest is heavily wounded.
The orc priest mumbles some strange prayers to Beogh against you.
You barely resist. The hobgoblin closely misses you.
The orc hits you with a +0 war axe!
The orc hits you from afar with a +0 trident!
You are too injured to fight recklessly!
You are too injured to fight recklessly!
You are too injured to fight recklessly!
Unknown command.
The orc priest calls down the wrath of Beogh upon you.
Beogh smites you!
* * * LOW HITPOINT WARNING * * *
The orc priest invokes the aid of Beogh against you.
Pain shoots through your body!
You die...

.....###)#...####..... .
..≈≈.≈≈#)##..#.#..... ..
#≈..##..#....#### ..
#≈.####.....###.##.##( #≈##
#....>))........ . Z≈≈
###.#####...###. .....##
###...## #..###.. ##..#
##......# #......( #...
####.@..#..## ##......
.....#.#g..###...###.......
......).o...#.........##...
.#...O)o..........##.###..
#...o.?...###....#### #..
#......$....# #....### ##..
....##.......##.#.....##...
.#. #......###.##........#
.. .............#...#...##


You could see an ogre, an orc priest, 2 orcs and a hobgoblin.

Vanquished Creatures
  A scorpion (D:4)
  A bullfrog zombie (D:5)
  A jelly (D:4)
  An orc wizard (D:3)
  4 gnolls (D:4)
  3 adders
  3 adder zombies (D:2)
  3 worms
  A dart slug (D:1)
  12 orcs
  8 ball pythons
  2 bat skeletons (D:2)
  11 endoplasms
  2 giant cockroaches
  3 goblins
  3 hobgoblins
  4 quokkas
  3 ball python skeletons (D:2)
  7 bats
  5 frilled lizards
  3 giant cockroach zombies (D:2)
  12 kobolds
  A quokka skeleton (D:2)
  A quokka zombie (D:2)
  8 rats
103 creatures vanquished.

Vanquished Creatures (others)
  A withered plant (D:2)
1 creature vanquished.

Grand Total: 104 creatures vanquished

Notes
Turn   | Place    | Note
-------+----------+-------------------------------------------
     0 | D:1      | lordive the Draconian Warper began the quest for the Orb.
     0 | D:1      | Reached XP level 1. HP: 17/17 MP: 3/3
   406 | D:1      | Reached XP level 2. HP: 14/24 MP: 5/5
  1051 | D:2      | Found a faded altar of an unknown god.
  1300 | D:1      | Learned a level 2 spell: Blink
  1335 | D:1      | Reached XP level 3. HP: 27/30 MP: 6/6
  1620 | D:2      | Found a basalt altar of Yredelemnul.
  2180 | D:2      | Reached XP level 4. HP: 33/37 MP: 7/7
  2760 | D:3      | Found a hide-covered altar of Uskayaw.
  3397 | D:3      | Reached XP level 5. HP: 33/42 MP: 8/8
  4178 | D:4      | Noticed an ogre
  4195 | D:5      | Entered Level 5 of the Dungeon
  4238 | D:5      | Noticed an ogre
  4313 | D:4      | Gained mutation: You are robust. (+10% HP) [potion of
                  | mutation]
  4347 | D:4      | Lost mutation: You are robust. (+10% HP) [potion of
                  | mutation]
  4347 | D:4      | Gained mutation: You are somewhat resistant to further
                  | mutation. [potion of mutation]
  4347 | D:4      | Gained mutation: Your natural rate of healing is unusually
                  | fast. [potion of mutation]
  4379 | D:4      | Reached XP level 6. HP: 22/51 MP: 9/9
  4775 | D:4      | Killed from afar by an orc priest

Illustrated notes

Levels and vault maps discovered:
D:1:      ncdulo_halloftheorcs, layout_rooms
D:2:      layout_basic, nicolae_ecumenical_pavilion, basic_altar, serial_undead,
          serial_undead_f, serial_undead_d, serial_undead_f, serial_undead_a
D:3:      layout_basic, mainiacjoe_overflow_concentric_impassable,
          grunt_decor_arrowhead, minmay_randomly_rotated_circles
D:4:      layout_cave_pools, serial_shops, kennysheep_mini_moat,
          nrook_mini_vaults
D:5:      layout_rooms, mainiacjoe_overflow_alcove_1,
          mainiacjoe_overflow_brackets, uniq_menkaure

Skill      XL: |  1  2  3  4  5 |
---------------+----------------+-----
Long Blades    | 3 4 |  4.1
Dodging        | 3 |  3.4
Translocations | 4 |  4.2
Fighting       | 3 |  3.1
Throwing       | |  0.8
Stealth        | |  0.9
Spellcasting   | |  2.3

Action                   |  1- 3 |  4- 6 || total
-------------------------+-------+-------++-------
Melee: Falchion          |   165 |   201 ||   366
       Tailslap          |    16 |    34 ||    50
       Punch             |     3 |       ||     3
 Cast: Blink             |     1 |     2 ||     3
  Use: Potion            |       |    10 ||    10
Armor: Skin              |    68 |    85 ||   153
Dodge: Dodged            |   130 |   137 ||   267

Table legend: (Time is in decaauts)
 A = Elapsed time spent in this place.
 B = Non-inter-level travel time spent in this place.
 C = Inter-level travel time spent in this place.
 D = Time resting spent in this place.
 E = Time spent auto-exploring this place.
 F = Levels seen in this place.
 G = Mean time per level.
                   A        B        C        D        E       F      G
               +--------+--------+--------+--------+--------+-----+--------+
         Total |   4822 |   4698 |    124 |    476 |   3365 |   5 |  964.4 |
       Dungeon |   4822 |   4698 |    124 |    476 |   3365 |   5 |  964.4 |
               +--------+--------+--------+--------+--------+-----+--------+

Top non-repeatable levels by time:
     D:3: 1604 daAuts
     D:1: 1341 daAuts
     D:2: 1270 daAuts
     D:4: 543 daAuts
     D:5: 62 daAuts
